SAAA
PAWNEE PARKSNREC @ TREMONT DOUBLEDAYS
09/15/2020
 
TOP OF THE 1ST
Pawnee ParksNRec batting - Pitching for Tremont Doubledays : RHP Jim Unknown
Pitching: RHP Jim Unknown
Batting: RHB Mo Zhou 0-0: Foul Ball, location: 2F
0-1: Called Strike
0-2: Fly out, F4 (Line Drive, 4)
Batting: RHB Andre Dixon 0-0: Fly out, F8 (Popup, 8LS)
Batting: RHB Jim Unknown 0-0: Fly out, F7 (Flyball, 7D)
Top of the 1st over - 0 run(s), 0 hit(s), 0 error(s), 0 left on base; Pawnee 0 - Tremont 0
BOTTOM OF THE 1ST
Tremont Doubledays batting - Pitching for Pawnee ParksNRec : LHP Jim Unknown
Pitching: LHP Jim Unknown
Batting: LHB Scott Britt 0-0: Ball
1-0: Foul Ball, location: 2F
1-1: Foul Ball, location: 2F
1-2: Fly out, F7 (Flyball, 7M)
Batting: LHB Jim Unknown 0-0: Ball
1-0: Ball
2-0: Fly out, F4 (Popup, 3DF)
Batting: RHB Kazunori Ito 0-0: Ball
1-0: Called Strike
1-1: Ball
2-1: Ball
3-1: DOUBLE (Line Drive, 7LM)
Batting: LHB Emílio Barbán 0-0: Called Strike
0-1: Ball
1-1: Foul Ball, location: 2F
1-2: Ball
2-2: Ball
3-2: Foul Ball, location: 2F
3-2: Base on Balls
Batting: LHB Félix López 0-0: Ball
1-0: Foul Ball, location: 2F
1-1: Foul Ball, location: 2F
1-2: Ball
2-2: Foul Ball, location: 2F
2-2: Ball
3-2: Fly out, F1 (Line Drive, 13)
Bottom of the 1st over - 0 run(s), 1 hit(s), 0 error(s), 2 left on base; Pawnee 0 - Tremont 0
TOP OF THE 2ND
Pawnee ParksNRec batting - Pitching for Tremont Doubledays : RHP Jim Unknown
Batting: RHB Brett Robinson 0-0: Ball
1-0: Called Strike
1-1: Ball
2-1: Ball
3-1: SINGLE (Groundball, 4M)
Batting: LHB Jim Unknown 0-0: Ball
1-0: Called Strike
1-1: Ball
2-1: Swinging Strike
2-2: SINGLE (Groundball, 34D)
Brett Robinson to second
Brett Robinson to third
Batting: RHB Eldon McGillivour 0-0: Called Strike
0-1: Foul Ball, location: 2F
0-2: Foul Ball, location: 2F
0-2: Ball
1-2: Strikes out swinging
Batting: RHB Jim Unknown 0-0: DOUBLE (Flyball, 8RS)
Brett Robinson scores
Jim Unknown to third
Batting: RHB Mark Allen 0-0: Called Strike
0-1: Called Strike
0-2: Ball
1-2: Ground out 6-3 (Groundball, 6)
Jim Unknown scores
Jim Unknown to third
Batting: RHB Jim Unknown 0-0: Swinging Strike
0-1: Foul Ball, location: 2F
0-2: Ball
1-2: Fly out, F4 (Line Drive, 4M)
Top of the 2nd over - 2 run(s), 3 hit(s), 0 error(s), 1 left on base; Pawnee 2 - Tremont 0
BOTTOM OF THE 2ND
Tremont Doubledays batting - Pitching for Pawnee ParksNRec : LHP Jim Unknown
Batting: LHB Jim Unknown 0-0: Ground out U3 (Groundball, 3S)
Batting: LHB Jim Unknown 0-0: Called Strike
0-1: Ball
1-1: Called Strike
1-2: Strikes out swinging
Batting: LHB Jim Unknown 0-0: Foul Ball, location: 2F
0-1: Ball
1-1: Foul Ball, location: 2F
1-2: Ball
2-2: Ball
3-2: Fly out, F6 (Popup, 56D)
Bottom of the 2nd over - 0 run(s), 0 hit(s), 0 error(s), 0 left on base; Pawnee 2 - Tremont 0
TOP OF THE 3RD
Pawnee ParksNRec batting - Pitching for Tremont Doubledays : RHP Jim Unknown
Batting: RHB Mo Zhou 0-0: Swinging Strike
0-1: Called Strike
0-2: Strikes out looking
Batting: RHB Andre Dixon 0-0: Called Strike
0-1: Ball
1-1: Swinging Strike
1-2: Ball
2-2: Foul Ball, location: 2F
2-2: Ground out 5-3 (Groundball, 15S)
Batting: RHB Jim Unknown 0-0: Ball
1-0: Called Strike
1-1: Ball
2-1: Called Strike
2-2: Strikes out swinging
Top of the 3rd over - 0 run(s), 0 hit(s), 0 error(s), 0 left on base; Pawnee 2 - Tremont 0
BOTTOM OF THE 3RD
Tremont Doubledays batting - Pitching for Pawnee ParksNRec : LHP Jim Unknown
Batting: RHB Jim Unknown 0-0: Ball
1-0: Ground out 6-3 (Groundball, 6M)
Batting: LHB Scott Britt 0-0: Called Strike
0-1: Called Strike
0-2: Foul Ball, location: 2F
0-2: Ball
1-2: Ball
2-2: Ball
3-2: Base on Balls
Batting: LHB Jim Unknown 0-0: Ball
1-0: Fly out, F9 (Flyball, 9D)
Batting: RHB Kazunori Ito 0-0: Foul Ball, location: 2F
0-1: Foul Ball, location: 2F
0-2: Ball
1-2: Hit by Pitch
Scott Britt to second
Batting: LHB Emílio Barbán 0-0: Foul Ball, location: 2F
0-1: Ball
1-1: Ball
2-1: Fly out, F8 (Flyball, 8LM)
Bottom of the 3rd over - 0 run(s), 0 hit(s), 0 error(s), 2 left on base; Pawnee 2 - Tremont 0
TOP OF THE 4TH
Pawnee ParksNRec batting - Pitching for Tremont Doubledays : RHP Jim Unknown
Batting: RHB Brett Robinson 0-0: Ground out 5-3 (Groundball, 56S)
Batting: LHB Jim Unknown 0-0: Ball
1-0: Called Strike
1-1: Ball
2-1: Called Strike
2-2: DOUBLE (Line Drive, 9LM)
Batting: RHB Eldon McGillivour 0-0: Called Strike
0-1: Ground out 1-3 (Groundball, 13)
Jim Unknown to third
Batting: RHB Jim Unknown 0-0: Foul Ball, location: 2F
0-1: Called Strike
0-2: Ball
1-2: Ground out 5-3 (Groundball, 5L)
Top of the 4th over - 0 run(s), 1 hit(s), 0 error(s), 1 left on base; Pawnee 2 - Tremont 0
BOTTOM OF THE 4TH
Tremont Doubledays batting - Pitching for Pawnee ParksNRec : LHP Jim Unknown
Batting: LHB Félix López 0-0: Foul Ball, location: 2F
0-1: Ball
1-1: Ground out 1-3 (Groundball, 13)
Batting: LHB Jim Unknown 0-0: SINGLE (Popup, 78S)
Batting: LHB Jim Unknown 0-0: Called Strike
0-1: Ball
1-1: Ball
2-1: 2-RUN HOME RUN (Flyball, 8LD), Distance : 448 ft
Batting: LHB Jim Unknown 0-0: Called Strike
0-1: Foul Ball, location: 2F
0-2: Ball
1-2: Ball
2-2: Ball
3-2: SINGLE (Line Drive, 9S)
Batting: RHB Jim Unknown 0-0: Ball
1-0: Ball
2-0: Foul Ball, location: 2F
2-1: Called Strike
2-2: Fly out, F6 (Popup, 6D)
Batting: LHB Scott Britt 0-0: Fly out, F6 (Popup, 56)
Bottom of the 4th over - 2 run(s), 3 hit(s), 0 error(s), 1 left on base; Pawnee 2 - Tremont 2
TOP OF THE 5TH
Pawnee ParksNRec batting - Pitching for Tremont Doubledays : RHP Jim Unknown
Batting: RHB Mark Allen 0-0: Ball
1-0: Foul Ball, location: 2F
1-1: Swinging Strike
1-2: Ball
2-2: Foul Ball, location: 2F
2-2: Foul Ball, location: 2F
2-2: Foul Ball, location: 2F
2-2: Ball
3-2: Foul Ball, location: 2F
3-2: Fly out, F8 (Flyball, 78D)
Batting: RHB Jim Unknown 0-0: Ground out 5-3 (Groundball, 5S)
Batting: RHB Mo Zhou 0-0: Ball
1-0: Fly out, F8 (Flyball, 8LM)
Top of the 5th over - 0 run(s), 0 hit(s), 0 error(s), 0 left on base; Pawnee 2 - Tremont 2
BOTTOM OF THE 5TH
Tremont Doubledays batting - Pitching for Pawnee ParksNRec : LHP Jim Unknown
Batting: LHB Jim Unknown 0-0: Ball
1-0: Swinging Strike
1-1: Ball
2-1: Ball
3-1: Ground out 6-3 (Groundball, 6)
Batting: RHB Kazunori Ito 0-0: Called Strike
0-1: Fly out, F6 (Line Drive, 6)
Batting: LHB Emílio Barbán 0-0: SINGLE (Line Drive, 6D)
Batting: LHB Félix López 0-0: Ball
1-0: Swinging Strike
1-1: Ball
2-1: Called Strike
2-2: SINGLE (Groundball, 6MD)
Emílio Barbán to second
Runner from 2nd tries for 3rd, SAFE, throw made to third
Batting: LHB Jim Unknown 0-0: Ball
1-0: 3-RUN HOME RUN (Line Drive, 89XD), Distance : 424 ft
Batting: LHB Jim Unknown 0-0: Foul Ball, location: 2F
0-1: Foul Ball, location: 2F
0-2: Ball
1-2: Ball
2-2: Ball
3-2: Base on Balls
Batting: LHB Jim Unknown 0-0: Fly out, F4 (Popup, 15)
Bottom of the 5th over - 3 run(s), 3 hit(s), 0 error(s), 1 left on base; Pawnee 2 - Tremont 5
TOP OF THE 6TH
Pawnee ParksNRec batting - Pitching for Tremont Doubledays : RHP Jim Unknown
Batting: RHB Andre Dixon 0-0: Ball
1-0: Foul Ball, location: 2F
1-1: Called Strike
1-2: Fly out, F3 (Popup, 3F)
Batting: RHB Jim Unknown 0-0: Called Strike
0-1: Ball
1-1: Ball
2-1: Ball
3-1: Fly out, F8 (Flyball, 8RM)
Batting: RHB Brett Robinson 0-0: Ball
1-0: Ball
2-0: Ball
3-0: Base on Balls
Batting: LHB Jim Unknown 0-0: Called Strike
Brett Robinson steals 2nd base
0-1: Foul Ball, location: 2F
0-2: Foul Ball, location: 2F
0-2: Ball
1-2: Ball
2-2: Foul Ball, location: 2F
2-2: Foul Ball, location: 2F
2-2: Strikes out swinging
Top of the 6th over - 0 run(s), 0 hit(s), 0 error(s), 1 left on base; Pawnee 2 - Tremont 5
BOTTOM OF THE 6TH
Tremont Doubledays batting - Pitching for Pawnee ParksNRec : LHP Jim Unknown
Batting: RHB Jim Unknown 0-0: Ball
1-0: SOLO HOME RUN (Flyball, 7LD), Distance : 369 ft
Pitching: LHP Jim Unknown
Batting: LHB Scott Britt 0-0: Ball
1-0: Ball
2-0: Ball
3-0: Called Strike
3-1: Foul Ball, location: 2F
3-2: SINGLE (Flyball, 8RS)
Batting: LHB Jim Unknown 0-0: Sac Bunt - play at second, runner OUT! 1-6
Batting: RHB Kazunori Ito 0-0: Ball
1-0: Called Strike
1-1: Foul Ball, location: 2F
1-2: Ball
2-2: Ball
3-2: SINGLE (Groundball, 34D)
Jim Unknown to second
Runner from 2nd tries for 3rd, SAFE, no throw or cutoff
Batting: LHB Emílio Barbán 0-0: Called Strike
0-1: SINGLE (Groundball, 56D)
Jim Unknown scores
Kazunori Ito to second
Batting: LHB Félix López 0-0: Foul Ball, location: 2F
0-1: Swinging Strike
0-2: Ball
1-2: DOUBLE (Flyball, 78XD)
Kazunori Ito scores
Emílio Barbán to third
Batting: LHB Jim Unknown 0-0: Ball
1-0: Ball
2-0: Ball
3-0: Called Strike
3-1: Ground out 5-3 (Groundball, 56S)
Emílio Barbán scores
Félix López to third
Pitching: RHP Ben Quinn
Batting: LHB Jim Unknown 0-0: Foul Ball, location: 2F
0-1: Ball
1-1: Ball
2-1: Foul Ball, location: 2F
2-2: Strikes out swinging
Bottom of the 6th over - 4 run(s), 5 hit(s), 0 error(s), 1 left on base; Pawnee 2 - Tremont 9
TOP OF THE 7TH
Pawnee ParksNRec batting - Pitching for Tremont Doubledays : RHP Jim Unknown
Batting: RHB Eldon McGillivour 0-0: Ball
1-0: Ball
2-0: Called Strike
2-1: Fly out, F9 (Line Drive, 9LM)
Batting: RHB Jim Unknown 0-0: Called Strike
0-1: Foul Ball, location: 2F
0-2: Ball
1-2: Fly out, F8 (Flyball, 8LM)
Batting: RHB Mark Allen 0-0: Ball
1-0: Ball
2-0: DOUBLE (Line Drive, 89M)
Batting: RHB Jim Unknown 0-0: Fly out, F8 (Flyball, 8LS)
Top of the 7th over - 0 run(s), 1 hit(s), 0 error(s), 1 left on base; Pawnee 2 - Tremont 9
BOTTOM OF THE 7TH
Tremont Doubledays batting - Pitching for Pawnee ParksNRec : RHP Ben Quinn
Batting: LHB Jim Unknown 0-0: SINGLE (Flyball, 8RS)
Batting: RHB Jim Unknown 0-0: Ball
1-0: Called Strike
1-1: Bunted foul
1-2: Strikes out swinging
Batting: LHB Scott Britt 0-0: Called Strike
0-1: Fly out, F8 (Line Drive, 8RM)
Batting: LHB Jim Unknown 0-0: Ball
1-0: Ball
2-0: Called Strike
2-1: Ball
3-1: Called Strike
3-2: Foul Ball, location: 2F
3-2: Base on Balls
Jim Unknown to second
Batting: RHB Kazunori Ito 0-0: Called Strike
0-1: Foul Ball, location: 2F
0-2: Ball
1-2: Foul Ball, location: 2F
1-2: Strikes out swinging
Bottom of the 7th over - 0 run(s), 1 hit(s), 0 error(s), 2 left on base; Pawnee 2 - Tremont 9
TOP OF THE 8TH
Pawnee ParksNRec batting - Pitching for Tremont Doubledays : RHP Jim Unknown
Batting: RHB Mo Zhou 0-0: Foul Ball, location: 2F
0-1: Foul Ball, location: 2F
0-2: Ground out 5-3 (Groundball, 5)
Batting: RHB Andre Dixon 0-0: Swinging Strike
0-1: Ball
1-1: Called Strike
1-2: Ball
2-2: Ball
3-2: SINGLE (Line Drive, 34D)
Batting: RHB Jim Unknown 0-0: Fly out, F5 (Line Drive, 56S)
Batting: RHB Brett Robinson 0-0: Ball
1-0: Ground out 6-3 (Groundball, 6)
Top of the 8th over - 0 run(s), 1 hit(s), 0 error(s), 1 left on base; Pawnee 2 - Tremont 9
BOTTOM OF THE 8TH
Tremont Doubledays batting - Pitching for Pawnee ParksNRec : RHP Ben Quinn
Batting: LHB Emílio Barbán 0-0: SINGLE (Groundball, 34)
Batting: LHB Félix López 0-0: Ball
1-0: Ball
2-0: Called Strike
2-1: Fly out, F6 (Line Drive, 6)
Batting: LHB Jim Unknown 0-0: Called Strike
0-1: Hit by Pitch
Emílio Barbán to second
Batting: LHB Jim Unknown 0-0: Grounds into double play, U3-6 (Groundball, 3L)
Bottom of the 8th over - 0 run(s), 1 hit(s), 0 error(s), 1 left on base; Pawnee 2 - Tremont 9
TOP OF THE 9TH
Pawnee ParksNRec batting - Pitching for Tremont Doubledays : RHP Jim Unknown
Batting: LHB Jim Unknown 0-0: Ball
1-0: Foul Ball, location: 2F
1-1: Ball
2-1: Ball
3-1: Base on Balls
Batting: RHB Eldon McGillivour 0-0: Ball
Passed Ball!
Jim Unknown to second
1-0: Foul Ball, location: 2F
1-1: Called Strike
1-2: Ball
2-2: Ball
3-2: Base on Balls
Batting: RHB Jim Unknown 0-0: Ball
1-0: Fielders Choice at 2nd, 6-4 (Groundball, 6)
Jim Unknown to third
Batting: RHB Mark Allen 0-0: Ball
1-0: Ball
2-0: Ball
3-0: Called Strike
3-1: Called Strike
3-2: SINGLE (Line Drive, 56D)
Jim Unknown scores
Jim Unknown to second
Pitching: RHP Jim Unknown
Batting: RHB Jim Unknown 0-0: Ball
1-0: Ball
2-0: Ball
Wild Pitch!
Jim Unknown to third
Mark Allen to second
3-0: Called Strike
3-1: Fly out, F9 (Popup, 89S)
Batting: RHB Mo Zhou 0-0: Foul Ball, location: 2F
0-1: Ground out 2-3 (Groundball, 2R)
Top of the 9th over - 1 run(s), 1 hit(s), 0 error(s), 2 left on base; Pawnee 3 - Tremont 9
This league is powered by Out of the Park Baseball, the baseball management simulation game for PC, Mac and Linux
Friday, October 23rd, 2015 - OOTP Baseball 16.9 Build 39